 Dungeon Crawl Stone Soup version 0.29.0-4-gdea44cf6ec (webtiles) character file.

Game seed: 17566865442744403191

51 qw the Chopper (level 3, -7/21 HPs)
             Began as a Tengu Warper on Aug 28, 2022.
             Splashed by a jelly's acid (8 damage)
             ... on level 3 of the Dungeon.
             The game lasted 00:00:11 (2654 turns).

qw the Chopper (Tengu Warper)                       Turns: 2654, Time: 00:00:12

Health: -7/21      AC: -2    Str: 13    XL:     3   Next: 83%
Magic:  7/7        EV: 11    Int: 13    God:
Gold:   94         SH:  5    Dex: 13    Spells: 6/6 levels left

rFire   . . .      SeeInvis .   Y - +0 hand axe
rCold   . . .      Faith    .   (no shield)
rNeg    . . .      Spirit   .   o - +0 ring mail
rPois   .          Reflect  +   (helmet restricted)
rElec   .          Harm     .   (no cloak)
rCorr   .          Rampage  .   (no gloves)
Will    .....                   (boots unavailable)
Stlth   +.........              l - amulet of reflection
HPRegen 0.07/turn               (no ring)
MPRegen 0.10/turn               (no ring)

@: corroded
A: beak, talons 3
a: no special abilities


You were on level 3 of the Dungeon.
You visited 1 branch of the dungeon, and saw 3 of its levels.

You collected 94 gold pieces.


Innate Abilities, Weirdness & Mutations

You have a beak for a mouth.
You have claws for feet.


   Skills:
 - Level 2.0 Fighting
 + Level 4.4 Axes
 - Level 1.0 Throwing
 - Level 1.1 Armour
 - Level 2.1 Dodging
 - Level 2.0 Spellcasting
 - Level 2.4 Translocations


You had 6 spell levels left.
You didn't know any spells.
Your spell library contained the following spells:

 Spells                   Type           Power      Damage    Failure   Level
 Blink                    Tloc           14%        N/A       30%         2
 Gell's Gravitas          Tloc           7%         N/A       52%         3
 Lesser Beckoning         Tloc           7%         N/A       52%         3
 Teleport Other           Tloc           7%         N/A       52%         3
 Manifold Assault         Tloc           7%         N/A       99%         5

Inventory:

Hand Weapons
 d - a +0 club
 Y - a +0 hand axe (weapon)
Armour
 o - a +0 ring mail (worn)
Jewellery
 l - an amulet of reflection (around neck)
Scrolls
 c - a scroll of identify
 e - a scroll of teleportation
Potions
 a - a potion of lignification {unknown}
 h - a potion of heal wounds
 i - a potion of curing
 q - a potion of ambrosia {unknown}
 s - a potion of cancellation {unknown}

Dungeon Overview and Level Annotations

Branches:
Dungeon (3/15)

Altars:

Shops:
D:3 =


Message History

HP restored.
Found a leather armour.
You see here a +0 leather armour.
Found a stone staircase leading up.
Enter note:
There is an entrance to Xurphies's Jewellery Emporium here.
Enter note:
2614 ||| SHOPLISTING +4 ring of evasion (432 gold, have 94).
You can access your shopping list by pressing '$'.
2614 ||| SHOPLISTING +6 ring of strength (432 gold, have 94).
You can access your shopping list by pressing '$'.
2614 ||| SHOPLISTING ring "Ezif Deo" {Fly rN++ Will+ SInv} (537 gold, have 94).
You can access your shopping list by pressing '$'.
2614 ||| SHOPLISTING ring "Veynepeco" {*Corrode rElec MP+9 Str+3 Stlth+} (450 gold, have 94).
You can access your shopping list by pressing '$'.
2614 ||| SHOPLISTING ring of fire (300 gold, have 94).
You can access your shopping list by pressing '$'.
2614 ||| SHOPLISTING ring of poison resistance (240 gold, have 94).
You can access your shopping list by pressing '$'.
2614 ||| SHOPLISTING ring of resist corrosion (240 gold, have 94).
You can access your shopping list by pressing '$'.
There is an entrance to Xurphies's Jewellery Emporium here.
You hear the slow rusting of a very distant drain.
A bat comes into view.
The bat hits you but does no damage. The bat completely misses you.
You completely miss the bat. You block the bat's attack.
You block the bat's attack.
You closely miss the bat. Your kick misses the bat. You peck the bat.
You kill the bat!
An orc and a jelly come into view.
The orc shouts!
The jelly quivers.
You hit the jelly. The acid corrodes you!
Your hands burn!
The jelly is moderately wounded.
The jelly hits you. The acid corrodes you!
You are splashed with acid.
You hit the jelly but do no damage.
Your hands burn!
The jelly is moderately wounded.
The jelly hits you. The acid corrodes you!
You are splashed with acid!
You die...

#.#.#...#.....
########.............
..........##+##......
######..## ##.....
########..## ##..##
.........## ##...
.........# #..#
#######.## ##.# #.@.#
## ### #.# #J#.# #.##
##.# #.# #o#.###..#
#..###.#
..#).##..###..##...
...#...##..#..##.[##
....#.............##
#....#...#..########
#....#...#..#
#...#....


You could see a jelly and an orc.

Vanquished Creatures
  An adder (D:2)
  4 dart slugs (D:1)
  3 endoplasms
  2 hobgoblins
  4 jackals (D:1)
  A ball python (D:1)
  8 bats
  5 frilled lizards
  A goblin (D:1)
  4 kobolds (D:1)
  2 rats
35 creatures vanquished.

Notes
Turn   | Place    | Note
-------+----------+-------------------------------------------
     0 | D:1      | qw the Tengu Warper began the quest for the Orb.
     0 | D:1      | Reached XP level 1. HP: 12/12 MP: 4/4
     0 | D:1      | 0 ||| qw: Version: 0.1-a-89-g26bdef1
     0 | D:1      | 0 ||| qw: Game counter: 1732
     0 | D:1      | 0 ||| qw: Always use a shield: true
     0 | D:1      | 0 ||| qw: God list: Okawaru
     0 | D:1      | 0 ||| qw: Allow faded altars: false
     0 | D:1      | 0 ||| qw: Do Orc after D:15 true
     0 | D:1      | 0 ||| qw: Do second Lair branch before Depths: true
     0 | D:1      | 0 ||| qw: Lair rune preference: random
     0 | D:1      | 0 ||| qw: Plans: Normal
     0 | D:1      | 0 ||| PLANNING D:1-11
   108 | D:1      | 108 ||| Stepping ~*~*~tactically~*~*~ (hiding).
   257 | D:1      | Reached skill level 3 in Axes
   257 | D:1      | Reached XP level 2. HP: 8/17 MP: 6/6
   437 | D:1      | 437 ||| Stepping ~*~*~tactically~*~*~ (hiding).
   609 | D:1      | Found a faded altar of an unknown god.
   825 | D:1      | 825 ||| Stepping ~*~*~tactically~*~*~ (stealth).
   826 | D:1      | 826 ||| Stepping ~*~*~tactically~*~*~ (stealth).
   829 | D:1      | 829 ||| Stepping ~*~*~tactically~*~*~ (stealth).
   992 | D:1      | 992 ||| Stepping ~*~*~tactically~*~*~ (stealth).
   998 | D:1      | Reached XP level 3. HP: 21/21 MP: 7/7
  1496 | D:1      | 1496 ||| UPGRADING to +0 ring mail.
  1506 | D:1      | 1506 ||| DROPPING +0 leather armour.
  1507 | D:1      | 1507 ||| UPGRADING to amulet of reflection.
  1512 | D:1      | 1512 ||| DROPPING ring of magical power.
  1513 | D:1      | 1513 ||| READING scroll labelled KUONUEHASCH.
  1514 | D:1      | 1514 ||| READING scroll labelled XIWOUT ROGOLIA.
  1515 | D:1      | 1515 ||| READING scroll labelled POCWOSCHOCULU.
  1516 | D:1      | 1516 ||| READING scroll labelled KAXTUBBI PERHIOFE.
  1517 | D:1      | 1517 ||| READING scroll labelled QENUZU WIMOCU.
  1520 | D:1      | 1520 ||| DRINKING 2 viscous silvery potions.
  1625 | D:1      | 1625 ||| DRINKING 2 blue potions.
  1626 | D:1      | 1626 ||| DRINKING 2 black potions.
  1627 | D:1      | 1627 ||| DRINKING 2 golden potions.
  1628 | D:1      | 1628 ||| DROPPING scroll of blinking.
  1629 | D:1      | 1629 ||| DROPPING potion of berserk rage.
  1630 | D:1      | 1630 ||| DROPPING potion of invisibility.
  1631 | D:1      | 1631 ||| DROPPING potion of flight.
  1683 | D:2      | Reached skill level 4 in Axes
  2500 | D:2      | 2500 ||| READING scroll labelled EPLOTHR BOIRU.
  2501 | D:2      | 2501 ||| READING scroll labelled IPLAKL YB VAOW.
  2502 | D:2      | 2502 ||| DRINKING 2 emerald potions.
  2531 | D:3      | 2531 ||| PLANNING SEWER
  2605 | D:3      | Found Xurphies's Jewellery Emporium.
  2614 | D:3      | 2614 ||| SHOPLISTING +4 ring of evasion (432 gold, have
                  | 94).
  2614 | D:3      | 2614 ||| SHOPLISTING +6 ring of strength (432 gold, have
                  | 94).
  2614 | D:3      | 2614 ||| SHOPLISTING ring "Ezif Deo" {Fly rN++ Will+ SInv}
                  | (537 gold, have 94).
  2614 | D:3      | 2614 ||| SHOPLISTING ring "Veynepeco" {*Corrode rElec MP+9
                  | Str+3 Stlth+} (450 gold, have 94).
  2614 | D:3      | 2614 ||| SHOPLISTING ring of fire (300 gold, have 94).
  2614 | D:3      | 2614 ||| SHOPLISTING ring of poison resistance (240 gold,
                  | have 94).
  2614 | D:3      | 2614 ||| SHOPLISTING ring of resist corrosion (240 gold,
                  | have 94).
  2654 | D:3      | HP: 3/21 [acid (5)]
  2654 | D:3      | HP: 1/21 [jelly (2)]
  2654 | D:3      | Splashed by a jelly's acid

Levels and vault maps discovered:
D:1:      minmay_arrival_four_circles, layout_basic,
          shapermc_ecumenical_altar_pompeii,
          hangedman_abyss_or_decor_lesser_grid, chequers_arboretum, minivault_5,
          amethyst_killhole
D:2:      layout_loops_ring, grunt_ministairs_12, minmay_pentomino_q2
D:3:      layout_basic, gammafunk_temple_overflow_claw, portal_sewer_entry_d,
          serial_shops, nicolae_shop_stone, shop_fountains, shop,
          nicolae_shop_statue_plus, uniq_sigmund

Skill      XL: |  1  2  3 |
---------------+----------+-----
Axes           | 3 4 |  4.4
Fighting       | |  2.0
Throwing       | |  1.0
Armour         | |  1.1
Dodging        | |  2.1
Spellcasting   | |  2.0
Translocations | |  2.4

Action                   || total
-------------------------++-------
Melee: Hand axe          ||    73
       Kick              ||    15
       Peck              ||     8
       Punch             ||     1
Throw: Boomerang         ||     7
  Use: Scroll            ||     7
       Potion            ||     5
Armor: Leather armour    ||     8
       Ring mail         ||     5
Dodge: Dodged            ||    40
Block: Other             ||     8

Table legend:
 A = Non-vault XP
 B = Vault XP
 C = Vault XP percentage of total XP
 D = Non-vault monster count
 E = Vault monster count
 F = Vault count percentage of total count
                 A         B        C        D         E       F
            +---------+---------+-------+---------+---------+-------
      Total |      70 |       4 |   5.4 |      31 |       4 |  11.4
            +---------+---------+-------+---------+---------+-------
        D:1 |      44 |       0 |   0.0 |      22 |       0 |   0.0
        D:2 |      20 |       4 |  16.7 |       5 |       4 |  44.4
        D:3 |       6 |       0 |   0.0 |       4 |       0 |   0.0
            +---------+---------+-------+---------+---------+-------
